 Dungeon Crawl Stone Soup version 0.23.0-3-gf3c87f2 (webtiles) character file.

Game seed: 4550819688222185068

45 Gadfly the Sneak (level 3, 0/26 HPs)
             Began as an Octopode Monk on Feb 21, 2019.
             Succumbed to a scorpion's poison
             ... on level 2 of the Dungeon.
             The game lasted 00:01:46 (1060 turns).

Gadfly the Sneak (Octopode Monk)                    Turns: 1060, Time: 00:01:47

Health: 0/26       AC:  1    Str: 10    XL:     3   Next: 64%
Magic:  3/3        EV: 14    Int: 12    God:
Gold:   53         SH:  0    Dex: 15    Spells: 2/2 levels left

rFire    . . .     SeeInvis .   a - +0 short sword
rCold    . . .     Gourm    .   (no shield)
rNeg     . . .     Faith    .   (helmet restricted)
rPois    .         Spirit   .   (no amulet)
rElec    .         Reflect  .   (no ring)
rCorr    .         Harm     .   (no ring)
MR       .....                  (no ring)
Stlth    ++++......             (no ring)
HPRegen  0.08/turn              (no ring)
MPRegen  0.08/turn              (no ring)
                                (no ring)
                                (no ring)

@: lethally poisoned (0 -> -15)
A: almost no armour, stealthy swim, amphibious, 8 rings, constrict 8, camouflage
1, gelatinous body 1
a: no special abilities


You were on level 2 of the Dungeon.
You were not hungry.

You visited 1 branch of the dungeon, and saw 2 of its levels.

You collected 53 gold pieces.

Inventory:

Hand Weapons
 a - a +0 short sword (weapon)
Potions
 e - a potion of heal wounds {unknown}
Comestibles
 b - 4 rations
 c - 2 chunks of flesh


   Skills:
 - Level 3.0 Fighting
 - Level 3.0 Short Blades
 - Level 3.0 Dodging
 + Level 5.6 Stealth


You had 2 spell levels left.
You didn't know any spells.
Your spell library was empty.

Dungeon Overview and Level Annotations

Branches:
Dungeon (2/15)

Altars:


Innate Abilities, Weirdness & Mutations

You cannot wear most types of armour.
You are very stealthy in the water. (Stealth+)
You are amphibious.
You can wear up to eight rings at the same time.
You can use your tentacles to constrict eight enemies at once.
Your skin changes colour to match your surroundings (Stealth+).
Your rubbery body absorbs attacks. (AC +1, EV +1)


Message History

You are too injured to fight recklessly!
You are too injured to fight recklessly!
You are too injured to fight recklessly!
You are too injured to fight recklessly!
You are too injured to fight recklessly!
You are too injured to fight recklessly!
You are too injured to fight recklessly!
You hit the scorpion but do no damage.
You squeeze the scorpion, but do no damage.
The scorpion is severely wounded.
You constrict the scorpion, but do no damage.
You feel sick. The scorpion closely misses you.
You hit the scorpion.
The scorpion is almost dead.
You constrict the scorpion.
You feel sick. The scorpion stings you!
* * * LOW HITPOINT WARNING * * *
You hit the scorpion but do no damage.
The scorpion is almost dead.
You constrict the scorpion.
You die...

#......###...## ###(####
##.## #####.#.### #.#
#....#....# #.#
#.#.###.#.# ##'##
#....#.##.# ##...##
#.....###.###.....#
#...#.# #.##.......
#s@#...##.#.....รท..
..%............+........
###.###.#...####........
# #.##.## ##.......
#.#### ........# #.#
#####...## ... ##.###
... .#### #.# # ....##.#
#


You could see a scorpion.

Vanquished Creatures
  2 dart slugs (D:1)
  2 giant cockroaches
  A goblin (D:1)
  4 hobgoblins (D:1)
  7 jackals (D:1)
  3 kobolds
  2 ball pythons (D:1)
  7 bats (D:1)
  3 frilled lizards
  5 rats
36 creatures vanquished.

Notes
Turn   | Place    | Note
-------+----------+-------------------------------------------
     0 | D:1      | Gadfly the Octopode Monk began the quest for the Orb.
     0 | D:1      | Reached XP level 1. HP: 16/16 MP: 1/1
    49 | D:1      | Reached skill level 3 in Stealth
    66 | D:1      | Reached XP level 2. HP: 17/21 MP: 2/2
    71 | D:1      | Reached skill level 4 in Stealth
   371 | D:1      | Reached XP level 3. HP: 26/26 MP: 3/3
   408 | D:1      | Reached skill level 5 in Stealth
  1048 | D:2      | Noticed a scorpion
  1059 | D:2      | HP: 1/26 [scorpion (7)]
  1060 | D:2      | Succumbed to a scorpion's poison

Skill      XL: |  1  2  3 |
---------------+----------+-----
Stealth        | 3 4 5 |  5.6
Fighting       | |  3.0
Short Blades   | |  3.0
Dodging        | |  3.0

Action                   || total
-------------------------++-------
Melee: Short sword       ||    74
       Tentacles         ||    12
       Constrict         ||    16
  Use: Scroll            ||     1
 Stab: Sleeping          ||    16
Armor: Skin              ||     8
Dodge: Dodged            ||    34
